Description

My BO for Vibes Terran Bronce to GM Series from Episode Silver 2 to Silver 1

In The end you you are basicly making Thors and Hellions/hellbats as a meat shield. A-Click the enemy bases and DONT NEVER EVER MICRO up to maybe diamond. Send your army at 180 or max Supply and concentrate on your Macro. With that you can max out quicker than he can.

Build Order

Get SALT Encoding   

  12  0:01  SCV  
  13  0:10  SCV  
  14  0:22  Supply Depot  1. SCV
  15  0:24  SCV  
  15  0:35  SCV  
  16  0:45  Barracks  
  16  0:48  Refinery  
  17  0:54  SCV  
  19  1:33  Orbital Command, Action  SCOUT
  20  1:36  Marine  
  20  1:46  Command Center  Natural
  20  1:57  Factory  
  20  2:00  Supply Depot  
  22  2:23  Barracks Tech Lab  
  23  2:37  Refinery  
  23  2:41  Action  Switch Rax with Factory
  24  2:55  Siege Tank  
  30  3:25  Siege Tank  
  35  3:35  Bunker  choke natural
  36  3:43  Engineering Bay  
  39  4:00  Siege Tank  
  44  4:10  Missile Turret x2  Eco
  43  4:17  Command Center  
  46  4:24  Refinery x2  
  46  4:34  Supply Depot x3  
  51  4:43  Siege Tank  
  51  4:44  Armory  
  53  4:57  Factory x2  
  55  5:08  Supply Depot  
  57  5:27  Supply Depot x2  Blind spot
  57  5:44  Factory Reactor x2  
  65  5:46  Thor  
  65  6:00  Action  Scan Main
  67  6:06  Action  Fly 3rd OC
  67  6:10  Command Center  
  69  6:20  Armory  
  75  6:28  Thor  
  83  6:43  Hellion x4  
  91  7:10  Sensor Tower x2  
  107  7:45  Factory x3  
  115  7:50  Refinery x2  
  130  8:20  Smart Servos  
  132  8:27  Command Center  
  133  8:31  Refinery x2  
  136  8:50  Factory Tech Lab x3  
  144  9:00  Action  Scan Natural
  164  10:14  Factory x2  
  164  10:47  Action x2  Hellion expand scout
  164  10:14  Factory  
  180  11:40  Action  Hellbat, high impact, A-Move
  164  10:14  Factory  
  182  11:08  Factory Tech Lab x2, Factory Reactor x2  
Spawning Tool Build Advisor. Get it on Overwolf

Go to:

Details

  • Created by: BlackReaperLP
  • Published on: Apr 10, 2019
  • Modified on: Apr 11, 2019
  • Patch: 4.7.1
Show
View Real Time Build Order
Export as new Build Order

Comments (0)

There are no comments. Be the first!

Create an account to comment!